Map: Crête de Lerilak

Players

Raiby - Winner!

  • Race: Protoss Protoss
  • League: Gold
  • Spawn Location: 7:00

zidar

  • Race: Zerg Zerg
  • League: Silver
  • Spawn Location: 11:00

VOD

Have the link to the VOD?

Description

Time

  • Played on: Nov. 24, 2015, 11:36 a.m.
  • Length: 11:11
Show
View Real Time Build Order
Export as new Build Order

Raiby Protoss - Winner!

Build Orders: Double Forge 

Get SALT Encoding   

  12  0:01  Probe (Chrono Boost)  
  13  0:12  Probe (Chrono Boost)  
  14  0:20  Pylon  
  14  0:22  Probe (Chrono Boost)  
  15  0:38  Probe (Chrono Boost)  
  16  0:43  Gateway  
  16  0:49  Probe (Chrono Boost)  
  17  0:51  Assimilator  
  17  0:59  Probe (Chrono Boost)  
  18  1:10  Probe (Chrono Boost)  
  19  1:21  Probe (Chrono Boost)  
  20  1:31  Probe (Chrono Boost)  
  21  1:36  Cybernetics Core  
  21  1:42  Probe (Chrono Boost)  
  22  1:49  Nexus  
  22  1:52  Probe (Chrono Boost)  
  23  2:08  Assimilator  
  23  2:18  Warp Gate (Chrono Boost)  
  23  2:24  Pylon  
  23  2:42  Probe  
  24  2:45  Pylon  
  24  2:46  Forge  
  24  2:55  Stargate, Probe  
  25  2:59  Probe  
  25  3:00  Pylon  
  26  3:07  Probe  
  26  3:10  Probe  
  28  3:19  Probe  
  29  3:24  Probe  
  30  3:31  Probe  
  30  3:34  Mothership Core  
  31  3:39  Void Ray  
  37  3:43  Probe  
  38  3:53  Probe  
  38  3:55  Probe  
  40  3:57  Forge  
  40  4:05  Gateway  
  40  4:06  Gateway  
  40  4:09  Probe  
  40  4:10  Probe  
  42  4:20  Probe  
  43  4:25  Void Ray  
  43  4:27  Probe  
  43  4:30  Probe  
  48  4:35  Assimilator  
  49  4:41  Probe  
  50  4:46  Stargate  
  50  4:47  Probe, Gateway  
  50  4:48  Pylon  
  51  4:56  Probe  
  51  4:57  Probe  
  52  5:11  Void Ray  
  56  5:18  Probe, Stalker x3  
  56  5:20  Probe  
  64  5:32  Probe, Assimilator  
  64  5:33  Probe  
  66  5:43  Stalker x2  
  70  5:59  Nexus  
  70  6:02  Pylon  
  70  6:07  Pylon  
  70  6:11  Pylon  
  70  6:18  Probe  
  70  6:19  Void Ray (Chrono Boost)  
  70  6:20  Probe  
  70  6:25  Void Ray (Chrono Boost)  
  80  6:26  Pylon  
  80  6:49  Stalker x3  
  80  6:50  Stalker  
  88  6:56  Probe x2  
  88  6:57  Void Ray (Chrono Boost)  
  94  7:15  Probe, Protoss Ground Weapons Level 1 (Chrono Boost)  
  94  7:16  Probe x2  
  94  7:20  Photon Cannon  
  97  7:25  Probe  
  97  7:26  Void Ray  
  97  7:28  Probe  
  103  7:40  Stalker x4  
  111  7:49  Gateway  
  111  7:50  Gateway  
  111  8:32  Probe  
  111  8:33  Probe x2  
  114  8:45  Probe  
  99  9:06  Void Ray  
  99  9:09  Protoss Ground Armor Level 1 (Chrono Boost)  
  99  9:12  Void Ray  
  99  9:13  Probe x2  
  109  9:18  Assimilator  
  109  9:20  Stalker x4  
  109  9:21  Assimilator  
  117  9:32  Pylon x2  
  117  9:34  Pylon  
  117  9:50  Probe  
  117  9:51  Probe x2  
  117  9:52  Nexus, Void Ray  
  120  9:54  Void Ray  
  128  10:01  Stalker  
  128  10:02  Stalker x5  
  128  10:04  Nexus  
  140  10:21  Probe  
  140  10:22  Twilight Council  
  140  10:23  Pylon  
  141  10:40  Probe  
  141  10:41  Probe x2  
  128  11:09  Stalker x2  
  128  11:10  Stalker x4  
Show
View Real Time Build Order
Export as new Build Order

zidar Zerg 

Build Orders: Pool First 

Get SALT Encoding   

  12  0:02  Drone  
  13  0:12  Overlord  
  13  0:18  Drone  
  14  0:30  Drone x2  
  16  0:38  Drone  
  17  0:48  Spawning Pool  
  16  0:56  Drone  
  17  1:14  Hatchery  
  17  1:15  Drone  
  17  1:19  Extractor  
  17  1:20  Drone  
  17  1:24  Drone  
  18  1:32  Overlord  
  18  1:39  Drone  
  19  1:47  Queen  
  22  2:08  Drone  
  22  2:09  Drone  
  23  2:17  Roach Warren  
  22  2:37  Queen  
  22  2:42  Drone x5  
  29  2:53  Extractor  
  28  3:07  Roach x4  
  36  3:31  Spore Crawler  
  35  3:37  Spore Crawler  
  34  3:42  Queen  
  34  3:46  Overlord x2  
  34  3:47  Overlord  
  36  4:04  Queen  
  36  4:05  Drone x7  
  44  4:48  Roach x7  
  44  4:49  Roach  
  60  4:56  Overlord  
  60  4:57  Overlord x2  
  60  5:17  Drone  
  61  5:22  Roach x7  
  61  5:25  Ravager  
  61  5:26  Ravager  
  61  5:27  Ravager x2  
  79  5:52  Ravager x2  
  79  5:55  Roach  
  83  5:59  Overlord x2  
  83  6:00  Overlord  
  81  6:52  Lair  
  81  7:16  Hatchery  
  81  7:22  Drone x8  
  88  7:28  Extractor  
  87  7:31  Extractor  
  86  7:39  Drone x2  
  86  7:41  Overlord x2  
  59  10:00  Hatchery  
  59  10:05  Hydralisk Den  
  57  10:33  Hydralisk x4  
  57  10:34  Hydralisk x14  
  76  11:01  Ravager  
Tags
 
Add a new tag
Caveats
  • Supply blocks, unpowered buildings, or Contaminate may cause inaccurate times.
  • Supply counts are checked every 10 seconds.